 Dungeon Crawl Stone Soup version 0.31-a0-303-gdc8c9485ea (webtiles) character file.

Game seed: 5723182390384976014

3897 ragingrage the Grappler (level 10, -11/96 HPs)
             Began as a Troll Shapeshifter on July 16, 2023.
             Was a Follower of Ru.
             Mangled by a cyclops (25 damage)
             ... on level 7 of the Dungeon.
             The game lasted 00:06:45 (5698 turns).

ragingrage the Grappler (Troll Shapeshifter)        Turns: 5698, Time: 00:06:45

Health: -11/96     AC: 12    Str: 29    XL:     10   Next: 0%
Magic:  0/9        EV:  9    Int:  4    God:    Ru [*.....]
Gold:   329        SH:  0    Dex: 10    Spells: 9/9 levels left

rFire   . .          .
                       - Unarmed
rCold   . . .        q - orb {light}
rNeg    . . .        a - +0 animal skin
rPois   .            (helmet currently unavailable)
rElec   .            (cloak currently unavailable)
rCorr   .            (gloves unavailable)
SInv    +            (boots unavailable)
Will    .....        k - amulet of guardian spirit
Stlth   +            r - +4 ring of protection
HPRegen 1.16/turn    K - +4 ring of protection
MPRegen 0.11/turn

%: guardian spirit
@: beast-form, slowed, glowing, unable to read, very slow
A: beast (slay +2), large, unfitting armour, claws 3, regeneration 1, shaggy fur
1, tough skin 1, inability to read after injury 2, see invisible, subdued magic
1
a: Begin Untransformation, Renounce Religion


You were on level 7 of the Dungeon.
You worshipped Ru.
Ru was aware of your devotion.
You were a hulking beast.
You visited 2 branches of the dungeon, and saw 8 of its levels.
You also visited: Sewer.

You collected 329 gold pieces.

Inventory:

Missiles
 g - 16 poisoned darts
Armour
 a - a +0 animal skin (worn)
 e - a +0 hat
 q - an orb of light (worn)
 A - a +0 cloak
 C - a scarf of resistance
Jewellery
 k - an amulet of guardian spirit (around neck)
 r - a +4 ring of protection (left claw)
 s - a ring of poison resistance
 K - a +4 ring of protection (right claw)
Talismans
 c - a beast talisman
Wands
 z - a wand of charming (6)
 E - a wand of acid (6)
 F - a wand of mindburst (38)
Scrolls
 i - 6 scrolls of identify {unknown}
 l - 6 scrolls of teleportation {unknown}
 n - a scroll of vulnerability {unknown}
 o - a scroll of torment {unknown}
 p - 2 scrolls of blinking {unknown}
 t - 2 scrolls of enchant armour {unknown}
 u - 2 scrolls of fear {unknown}
 v - a scroll of acquirement {unknown}
 y - 2 scrolls of noise {unknown}
 G - a scroll of summoning {unknown}
 H - a scroll of immolation {unknown}
 I - a scroll of fog {unknown}
Potions
 b - a potion of lignification
 d - a potion of mutation
 f - a potion of curing
 h - 3 potions of degeneration {unknown}
 j - a potion of enlightenment {unknown}
 m - 2 potions of berserk rage {unknown}
 w - 2 potions of brilliance {unknown}
 x - a potion of haste {unknown}
 B - a potion of resistance {unknown}
 D - 2 potions of might {unknown}
 J - a potion of heal wounds {unknown}


   Skills:
 + Level 5.5 Fighting
 + Level 5.0 Throwing
 - Level 1.5 Dodging
 - Level 11.0 Unarmed Combat
 - Level 3.0 Evocations
 - Level 3.0 Shapeshifting


You had 9 spell levels left.
You didn't know any spells.
Your spell library contained the following spells:

 Spells                   Type           Power      Damage    Failure   Level
 Cigotuvi's Dreadful Rot  Necr/Pois/Air  0%         N/A       61%         2
 Ignite Poison            Fire/Tmut/Pois 0%         N/A       83%         3
 Portal Projectile        Hex/Tloc       0%         N/A       83%         3
 Tukima's Dance           Hex            0%         N/A       83%         3
 Iskenderun's Mystic Bla  Conj/Tloc      0%         2d3       99%         4
 Freezing Cloud           Conj/Ice/Air   0%         6-21      100%        5


Dungeon Overview and Level Annotations

Branches:
Dungeon (7/15)             Temple (1/1) D:5           Sewer (visited)

Altars:
Ashenzari
Dithmenos
Elyvilon
Fedhas
Gozag
Hepliaklqana
Kikubaaqudgha
Nemelex Xobeh
Okawaru
Qazlal
Ru
Sif Muna
Trog
Uskayaw
Vehumet
Wu Jian
Xom
Yredelemnul
Zin
The Shining One

Shops:
D:6 :


Innate Abilities, Weirdness & Mutations

You are a hulking beast.
Your limbs bulge with bestial killing power. (Slay +2)
You are too large for most types of armour.
You have claws for hands.
Your natural rate of healing is unusually fast.
You are covered in fur. (AC +1)
You have tough skin. (AC +1)
You sometimes lose the ability to read scrolls when taking damage.
You have supernaturally acute eyesight. (SInv)
Your spells are a little easier to cast, but a little less powerful.


Message History

The orc shouts!
You pummel the killer bee!!
You kill the killer bee!
You feel sick. The gargoyle hits you with a +0 mace!
You feel threatened and lose the ability to read scrolls!
You cannot read scrolls in your current state!
It was a potion of curing.
You feel better.
You feel less wooden.
Your +0 animal skin unmelds from your body.
You turn into a hulking beast.
The centaur shouts!
The gargoyle barely misses you.
Unknown command.
You scratch the gargoyle but do no damage.
The gargoyle hits you with a +0 mace! x2
You cannot read scrolls in your current state!
You feel better. The gargoyle hits you with a +0 mace.
You mangle the gargoyle!!
You destroy the gargoyle!
The centaur unwields a +0 rapier.
The centaur wields a +0 shortbow.
The centaur shoots an arrow.
The arrow closely misses you.
The arrow hits the orc!
The orc dies!
Your Throwing skill increases to level 5!
You have reached level 10!
You scratch the cyclops. The cyclops hits you!!
* * * LOW HITPOINT WARNING * * *
You feel better.
The cyclops hits you but does no damage.
You feel better. The cyclops hits you!
Unknown command.
It was a potion of mutation.
You feel extremely strange.
Your vision sharpens.
Your connection to magic feels subdued.
The cyclops hits you!!
* * * LOW HITPOINT WARNING * * *
You claw the cyclops!
The cyclops hits you but does no damage.
You scratch the cyclops but do no damage.
The cyclops hits you!!
You die...

#.# #...#...#....#.. '.#
#...# ..#....... #.. #...
..#.....#.
#.###.###.###.......
#.#...)..>..#...#.#.
#...#.#######.......
#).c#..........##.#)
#'.#C#.######........
...#.#h#......#......#.
#....#.#.#.....###.#####.
##'# #.#)#.....##........
$.. #.#.#.....##....####
### #.#.......##....#
'...............#
#...................
#...........########
#...........#


You could see a cyclops and a centaur.

Vanquished Creatures
  Pikel (D:5)
  A gargoyle (D:7)
  A komodo dragon (D:7)
  Prince Ribbit (D:4)
  A wraith (D:7)
  Menkaure (D:5)
  3 ice beasts
  2 ogres (D:6)
  2 black bears
  A sky beast (D:7)
  A centaur (D:6)
  A lemure (D:5)
  A bullfrog (D:6)
  2 scorpions
  4 wights (D:7)
  8 killer bees (D:7)
  4 vampire bats (D:6)
  2 orc priests (D:7)
  3 hounds
  5 jellies
  A sleepcap (D:4)
  4 iguanas
  2 orc wizards (D:7)
  13 adders
  6 gnolls
  2 river rats (Sewer)
  2 white imps
  3 ufetubi
  2 worms
  4 dart slugs
  19 orcs
  13 bats
  7 endoplasms
  5 giant cockroaches
  3 goblins
  8 hobgoblins
  11 jackals
  2 quokkas
  6 ball pythons
  8 frilled lizards
  10 kobolds
  4 rats
180 creatures vanquished.

Vanquished Creatures (others)
  A killer bee (D:7)
  An orc (D:7)
2 creatures vanquished.

Grand Total: 182 creatures vanquished

Notes
Turn   | Place    | Note
-------+----------+-------------------------------------------
     0 | D:1      | ragingrage the Troll Shapeshifter began the quest for the
                  | Orb.
     0 | D:1      | Reached XP level 1. HP: 19/19 MP: 0/0
   133 | D:1      | Reached XP level 2. HP: 27/27 MP: 1/1
   624 | D:2      | Reached skill level 3 in Unarmed Combat
   791 | D:2      | Reached XP level 3. HP: 33/33 MP: 2/2
  1529 | D:3      | Reached skill level 4 in Unarmed Combat
  1542 | D:3      | Found a broken altar of Ashenzari.
  1597 | D:3      | Reached XP level 4. HP: 41/41 MP: 3/3
  1762 | D:3      | Noticed a scorpion
  1768 | D:3      | Killed a scorpion
  1769 | D:3      | Reached skill level 5 in Unarmed Combat
  1769 | D:3      | Reached XP level 5. HP: 19/48 MP: 2/4
  2350 | D:4      | Noticed a black bear
  2359 | D:4      | Killed a black bear
  2360 | D:4      | Reached skill level 6 in Unarmed Combat
  2408 | D:4      | Found a glowing drain.
  2411 | D:4      | Reached XP level 6. HP: 55/55 MP: 5/5
  2428 | Sewer    | Entered a sewer
  3069 | D:4      | Found an iron altar of Okawaru.
  3115 | D:4      | Reached skill level 7 in Unarmed Combat
  3250 | D:5      | Entered Level 5 of the Dungeon
  3251 | D:5      | Noticed Prince Ribbit
  3276 | D:4      | Killed Prince Ribbit
  3277 | D:4      | Reached skill level 8 in Unarmed Combat
  3277 | D:4      | Reached XP level 7. HP: 33/62 MP: 3/6
  3428 | D:5      | Noticed Pikel
  3442 | D:5      | Killed Pikel
  3443 | D:5      | Reached skill level 9 in Unarmed Combat
  3443 | D:5      | Reached XP level 8. HP: 66/70 MP: 5/7
  3524 | D:5      | Found an ornate altar of the Wu Jian Council.
  3558 | D:5      | Found a staircase to the Ecumenical Temple.
  3577 | Temple   | Entered the Ecumenical Temple
  3664 | Temple   | Became a worshipper of Ru the Awakened
  3732 | D:5      | Noticed Menkaure
  3739 | D:5      | Killed Menkaure
  3740 | D:5      | Reached skill level 10 in Unarmed Combat
  4297 | D:6      | Found an ancient bone altar of Kikubaaqudgha.
  4328 | D:6      | Found a bloodstained altar of Trog.
  4328 | D:6      | Found a hazy altar of Hepliaklqana.
  4343 | D:6      | Reached skill level 11 in Unarmed Combat
  4346 | D:6      | Found a basalt altar of Yredelemnul.
  4350 | D:6      | Found a shadowy altar of Dithmenos.
  4362 | D:6      | Reached skill level 1 in Evocations
  4606 | D:6      | Found Buejad's Book Emporium.
  4814 | D:6      | Reached XP level 9. HP: 80/81 MP: 6/8
  4815 | D:6      | Reached skill level 1 in Throwing
  5018 | D:6      | Gained mutation: You occasionally lose the ability to read
                  | scrolls when taking damage. [Ru sacrifice]
  5018 | D:6      | Gained mutation: You sometimes lose the ability to read
                  | scrolls when taking damage. [Ru sacrifice]
  5018 | D:6      | Reached * piety under Ru
  5658 | D:7      | Noticed a komodo dragon
  5661 | D:7      | Noticed a gargoyle
  5679 | D:7      | Killed a komodo dragon
  5680 | D:7      | Reached skill level 5 in Fighting
  5686 | D:7      | Noticed a cyclops
  5692 | D:7      | Killed a gargoyle
  5693 | D:7      | Reached skill level 5 in Throwing
  5693 | D:7      | Reached XP level 10. HP: 45/96 MP: 3/9
  5696 | D:7      | Gained mutation: You have supernaturally acute eyesight.
                  | (SInv) [potion of mutation]
  5696 | D:7      | Gained mutation: Your spells are a little easier to cast,
                  | but a little less powerful. [potion of mutation]
  5698 | D:7      | Mangled by a cyclops

Illustrated notes

Levels and vault maps discovered:
D:1:      lemuel_arrival_tunnels, layout_basic,
          nicolae_concentric_dashed_squares_mild, st_stairs_14
D:2:      layout_basic
D:3:      minmay_bubble_buster, layout_basic, evilmike_ruin_ashenzari
D:4:      layout_rooms, okawaru_trees_2, cheibrodos_sewer_entry_drain,
          nicolae_figureground_sparkle
D:5:      layout_loops_cross, nicolae_wu_jian_glorious_leap,
          minmay_temple_entry_junction_2, uniq_menkaure, uniq_prince_ribbit1,
          uniq_pikel
D:6:      layout_cave_pods, mainiacjoe_overflow_small_starburst,
          nicolae_overflow_macrodata_refinement, serial_shops, shop,
          roderic_batcave
D:7:      minmay_the_grid_square_5x5_3x3
          [minmay_the_grid_square_5x5_broken_cross,
          minmay_the_grid_square_5x5_fancy_junction,
          minmay_the_grid_square_5x5_two, minmay_the_grid_square_5x5_meh,
          minmay_the_grid_square_5x5_megaprize_checkered,
          minmay_the_grid_square_5x5_tri_point,
          minmay_the_grid_square_5x5_longway,
          minmay_the_grid_square_5x5_minivault,
          minmay_the_grid_square_5x5_inner_z], layout_basic,
          ebering_ghost_disaster_area, uniq_joseph
Temple:   hc_temple_tempest_star

Skill      XL: |  1  2  3  4  5  6  7  8  9 |
---------------+----------------------------+-----
Unarmed Combat | 3 4 5 6 8 9 11 | 11.0
Fighting       | 3 5 |  5.5
Evocations     | 2 3 |  3.0
Throwing       | 5 |  5.0
Dodging        | |  1.5
Shapeshifting  | |  3.0

Action                     |  1- 3 |  4- 6 |  7- 9 | 10-12 || total
---------------------------+-------+-------+-------+-------++-------
  Melee: Unarmed           |    57 |   155 |   196 |     3 ||   411
         Punch             |     1 |     1 |       |       ||     2
 Invoke: Sacrifice Words   |       |       |     1 |       ||     1
  Evoke: Wand              |       |       |     4 |       ||     4
    Use: Potion            |       |       |     4 |     3 ||     7
   Stab: Sleeping          |     1 |       |       |       ||     1
         Distracted        |       |       |     1 |       ||     1
 Armour: Animal skin       |    14 |    74 |    62 |     2 ||   152
         Skin              |       |       |    50 |       ||    50
  Dodge: Dodged            |    19 |    70 |    76 |       ||   165

Table legend: (Time is in decaauts)
 A = Elapsed time spent in this place.
 B = Non-inter-level travel time spent in this place.
 C = Inter-level travel time spent in this place.
 D = Time resting spent in this place.
 E = Time spent auto-exploring this place.
 F = Levels seen in this place.
 G = Mean time per level.
                   A        B        C        D        E       F      G
               +--------+--------+--------+--------+--------+-----+--------+
         Total |   5640 |   5444 |    196 |    581 |   3826 |   9 |  626.7 |
       Dungeon |   4991 |   4818 |    173 |    581 |   3347 |   7 |  713.0 |
        Temple |    142 |    119 |     23 |      0 |    106 |   1 |  142.0 |
         Sewer |    505 |    505 |      0 |      0 |    373 |   1 |  505.0 |
               +--------+--------+--------+--------+--------+-----+--------+

Top non-repeatable levels by time:
     D:3: 1187 daAuts
     D:6: 1022 daAuts
     D:5: 760 daAuts
     D:1: 584 daAuts
     D:4: 567 daAuts
     D:2: 518 daAuts
   Sewer: 505 daAuts
     D:7: 351 daAuts
  Temple: 142 daAuts
